 Dungeon Crawl Stone Soup version 0.27.1-35-g4d5d836560 (webtiles) character file.

Game seed: 2705372188660443510

497 cbfl8 the Sneak (level 6, 0/84 HPs)
             Began as a Minotaur Delver on Apr 16, 2022.
             Was a Follower of Yredelemnul.
             Slain by Edmund (3 damage)
             ... on level 4 of the Dungeon.
             The game lasted 00:16:14 (5037 turns).

cbfl8 the Sneak (Minotaur Delver)                   Turns: 5037, Time: 00:16:14

Health: 0/84       AC: 23    Str: 18    XL:     6   Next: 93%
Magic:  5/5        EV:  2    Int: 11    God:    Yredelemnul [*.....]
Gold:   208        SH:  0    Dex: 12    Spells: 5/5 levels left

rFire    . . .     SeeInvis .   a - +0 falchion
rCold    . . .     Faith    .   (no shield)
rNeg     + + +     Spirit   .   (armour currently unavailable)
rPois    +         Reflect  .   (helmet currently unavailable)
rElec    .         Harm     .   (cloak currently unavailable)
rCorr    .         Rampage  .   (gloves currently unavailable)
Will     .....     NoTele   +   (boots currently unavailable)
Stlth    +++.......             (no amulet)
HPRegen  0.24/turn              t - ring of positive energy
MPRegen  0.09/turn              (no ring)

@: brilliant, tree-form, attractive, very slightly contaminated, invisible
A: stationary, stasis, torment immunity, boosted hp, (horns 2), (retaliatory
headbutt), clever 2, subdued magic 1
a: Renounce Religion, Animate Remains


You were on level 4 of the Dungeon.
You worshipped Yredelemnul.
Yredelemnul was aware of your devotion.
You were a tree.
You visited 2 branches of the dungeon, and saw 6 of its levels.
You also visited: Ossuary.

You collected 208 gold pieces.

Inventory:

Hand Weapons
 a - a +0 falchion (weapon)
Armour
 b - a +0 leather armour
 n - a +0 ring mail
 o - a +2 chain mail of fire resistance (melded)
 q - a scarf of resistance (melded)
Jewellery
 t - a ring of positive energy (left branch)
Wands
 g - a wand of digging (3)
Scrolls
 c - a scroll of fog
 e - a scroll of fear
 h - 6 scrolls of identify {unknown}
 i - a scroll of amnesia {unknown}
 j - a scroll of summoning {unknown}
 s - a scroll of immolation
Potions
 d - 2 potions of attraction
 f - a potion of haste
 m - a potion of flight


   Skills:
 + Level 5.0 Fighting
 + Level 5.2 Long Blades
 + Level 3.2 Armour
 + Level 2.9 Dodging
 + Level 5.6 Stealth


You had 5 spell levels left.
You didn't know any spells.
Your spell library contained the following spells:

 Spells                   Type           Power      Damage    Failure   Level
 Magic Dart               Conj           0%         1d3       30%         1
 Call Imp                 Summ           0%         N/A       43%         2
 Frozen Ramparts          Ice            0%         1d2       67%         3
 Mephitic Cloud           Conj/Pois/Air  0%         N/A       67%         3
 Ice Form                 Ice/Tmut       0%         N/A       97%         4
 Summon Ice Beast         Ice/Summ       0%         N/A       97%         4


Dungeon Overview and Level Annotations

Branches:
Dungeon (5/15)             Temple (1/1) D:5         Ossuary (visited)

Altars:
Ashenzari
Cheibriados
Dithmenos
Elyvilon
Fedhas
Gozag
Hepliaklqana
Kikubaaqudgha
Makhleb
Nemelex Xobeh
Okawaru
Qazlal
Ru
Sif Muna
Trog
Uskayaw
Vehumet
Wu Jian
Xom
Yredelemnul
Zin
The Shining One

Shops:
D:1 [   D:2 =   D:4 ?

Annotations:
D:2 1 runed translucent door, Crazy Yiuf
D:4 Edmund


Innate Abilities, Weirdness & Mutations

You are a tree.
Your roots penetrate the ground, keeping you stationary.
You cannot be teleported.
You are immune to unholy pain and torment.
Your maximum health is greatly increased.
Your equipment is partially melded.
((You have a pair of horns on your head.))
((You reflexively headbutt those who attack you in melee.))
Your mind is very acute. (Int +4)
Your spells are a little easier to cast, but a little less powerful.


Message History

Edmund is pulled toward you! The dart slug is pulled toward you!
You hit Edmund.
Edmund is heavily wounded.
Edmund hits you but does no damage.
You strike the helpless Edmund from behind!
You hit Edmund but do no damage.
Edmund is heavily wounded.
Edmund hits you but does no damage. The dart slug is pulled toward you!
You hit Edmund but do no damage.
Edmund is heavily wounded.
Edmund hits you but does no damage. The dart slug is pulled toward you!
You hit Edmund.
Edmund is heavily wounded.
Edmund says, "I'm quite good with sums, too."
Edmund hits you but does no damage.
You slash Edmund!
Edmund is severely wounded.
Edmund hits you with a +1 vorpal flail.
* * * LOW HITPOINT WARNING * * *
x2 The dart slug is pulled toward you!
You hit Edmund but do no damage.
Edmund is severely wounded.
Edmund hits you but does no damage. The dart slug is pulled toward you!
You hit Edmund.
Edmund is severely wounded.
Edmund hits you but does no damage.
You barely miss Edmund.
Edmund is severely wounded.
Edmund is pulled toward you! The dart slug is pulled toward you!
You hit Edmund but do no damage.
Edmund is severely wounded.
The dart slug seems to regain its courage.
Edmund hits you with a +1 vorpal flail!
* * * LOW HITPOINT WARNING * * *
x2 The dart slug bites you but does no damage.
You barely miss Edmund.
Edmund is severely wounded.
Edmund hits you with a +1 vorpal flail.
You die...
Your body rises from the dead as a mindless zombie.

######.###.##>#
#.....##.#
###.####.# #.# #.#
#. #.# #.# #.. #..
..# #.. #.. ###
#... #########..#
##...##♣..........
......w@#######..#
.............!.
...............
##...##.####### # #
#...##.###### .# .
#...........###.#.#
#
######.####........
# #.###.....#..# #


You could see Edmund and a dart slug.

Vanquished Creatures
  A necrophage (D:4)
  An ogre (D:4)
  A scorpion (D:5)
  A jelly (D:5)
  2 iguanas (D:4)
  Ijyb (D:3)
  2 mummies
  2 adders (D:2)
  2 worms
  4 dart slugs
  An orc (D:2)
  3 spectral bats (Ossuary)
  2 bats (D:1)
  5 endoplasms
  A giant cockroach (D:3)
  12 gnoll zombies (Ossuary)
  6 goblins
  A hobgoblin (D:3)
  4 jackals (D:2)
  2 quokkas (D:1)
  4 ball pythons
  5 bat simulacra (Ossuary)
  2 frilled lizards (D:3)
  5 goblin simulacra (Ossuary)
  5 goblin zombies (Ossuary)
  4 hobgoblin zombies (Ossuary)
  4 kobolds
  A kobold simulacrum (Ossuary)
  6 kobold zombies (Ossuary)
  3 orc zombies (Ossuary)
  3 rats
  A rat simulacrum (Ossuary)
  4 spectral goblins (Ossuary)
  2 spectral kobolds (Ossuary)
  A spectral rat (Ossuary)
104 creatures vanquished.

Notes
Turn   | Place    | Note
-------+----------+-------------------------------------------
     0 | D:5      | cbfl8 the Minotaur Delver began the quest for the Orb.
     0 | D:5      | Reached XP level 1. HP: 19/19 MP: 0/0
    14 | D:5      | Noticed a jelly
    19 | D:5      | Killed a jelly
    20 | D:5      | Reached XP level 2. HP: 21/27 MP: 1/1
    20 | D:5      | Reached XP level 3. HP: 26/33 MP: 2/2
    50 | D:5      | Noticed a scorpion
    57 | D:5      | Killed a scorpion
    58 | D:5      | Reached skill level 5 in Stealth
    58 | D:5      | Reached XP level 4. HP: 10/40 MP: 3/3
   122 | D:5      | Found a sand-covered staircase.
   133 | Ossuary  | Entered an ossuary
   904 | Ossuary  | Reached XP level 5. HP: 47/47 MP: 4/4
  1453 | D:5      | Found a staircase to the Ecumenical Temple.
  1462 | Temple   | Entered the Ecumenical Temple
  1762 | Temple   | Became a worshipper of Yredelemnul the Dark
  2128 | D:3      | Found a bloodstained altar of Trog.
  2378 | D:3      | Noticed Ijyb
  2420 | D:3      | Killed Ijyb
  2815 | D:2      | Found Guon's Jewellery Shoppe.
  2938 | D:2      | Found a runed translucent door.
  2945 | D:2      | Noticed Crazy Yiuf
  3055 | D:2      | Reached skill level 1 in Armour
  4116 | D:1      | Found Jaithret's Armour Emporium.
  4173 | D:1      | Found a faded altar of an unknown god.
  4433 | D:4      | Found Izxao's Magic Scroll Emporium.
  4442 | D:4      | Reached XP level 6. HP: 47/53 MP: 5/5
  4738 | D:4      | Reached * piety under Yredelemnul
  4750 | D:4      | Reached skill level 5 in Long Blades
  4993 | D:4      | Noticed Edmund
  5002 | D:4      | Reached skill level 5 in Fighting
  5014 | D:4      | Gained mutation: Your spells are a little easier to cast,
                  | but a little less powerful. [potion of mutation]
  5014 | D:4      | Gained mutation: Your mind is acute. (Int +2) [potion of
                  | mutation]
  5014 | D:4      | Gained mutation: Your mind is very acute. (Int +4) [potion
                  | of mutation]
  5036 | D:4      | HP: 4/84 [Edmund (7)]
  5037 | D:4      | Slain by Edmund

Illustrated notes

Levels and vault maps discovered:
D:1:      co_arrival_hexagon_in_a_hexagon, layout_rooms,
          hellmonk_ecumenical_altar_blasted, serial_shops, shop
D:2:      layout_loops_corners, serial_shops, nicolae_shop_stone,
          serial_bayou_ford_a, uniq_crazy_yiuf_cottage
D:3:      layout_loops_cross, mainiacjoe_overflow_cross_hatched, uniq_ijyb
D:4:      layout_loops_ring, serial_shops, nicolae_stop_n_shop_2, uniq_edmund
D:5:      layout_cave_pools, minmay_temple_entry_tees,
          gup_ossuary_entry_pyramid, minmay_misc_feat_room
Temple:   roderic_octagonal_lattice_temple

Skill      XL: |  1  2  3  4  5  6 |
---------------+-------------------+-----
Fighting       | 4 5 |  5.0
Stealth        | 5 |  5.6
Long Blades    | 3 4 5 |  5.2
Armour         | 2 3 |  3.2
Dodging        | |  2.9

Action                   |  1- 3 |  4- 6 || total
-------------------------+-------+-------++-------
Melee: Falchion          |     8 |   302 ||   310
       Headbutt          |     4 |    55 ||    59
  Use: Scroll            |       |     2 ||     2
       Potion            |       |     6 ||     6
 Stab: Sleeping          |       |     9 ||     9
       Invisible         |       |     4 ||     4
Armor: Leather armour    |     2 |    35 ||    37
       Chain mail        |       |    79 ||    79
       Skin              |       |    37 ||    37
       Ring mail         |       |     4 ||     4
Dodge: Dodged            |     2 |   127 ||   129
       Rpst.: Falchion   |     1 |    39 ||    40
